 Dungeon Crawl Stone Soup version 0.23.2 (webtiles) character file.

Game seed: 7142268700211135136

1246 Borgoz the Cutter (level 8, -1/51 HPs)
             Began as a Kobold Berserker on Apr 9, 2019.
             Was an Elder of Trog.
             Succumbed to an orc wizard's poison
             ... on level 5 of the Dungeon.
             The game lasted 00:09:18 (5691 turns).

Borgoz the Cutter (Kobold Berserker)                Turns: 5691, Time: 00:09:19

Health: -1/51      AC: 10    Str: 19    XL:     8   Next: 79%
Magic:  8/8        EV: 13    Int:  8    God:    Trog [****..]
Gold:   252        SH:  0    Dex: 17    Spells: 7/7 levels left

rFire    + . .     SeeInvis +   p - +2 dagger (drain)
rCold    . . .     Gourm    .   (shield restricted)
rNeg     . . .     Faith    .   q - +0 chain mail (curse)
rPois    .         Spirit   .   (no helmet)
rElec    .         Reflect  .   (no cloak)
rCorr    .         Harm     .   j - +0 pair of gloves
MR       .....                  (no boots)
Stlth    ..........             (no amulet)
HPRegen  0.17/turn              t - ring of see invisible
MPRegen  0.11/turn              r - ring of protection from fire

@: mighty, lethally poisoned (-1 -> -14), slowed, very slow
A: small, carnivore
a: Berserk, Trog's Hand, Brothers in Arms, Renounce Religion


You were on level 5 of the Dungeon.
You worshipped Trog.
Trog was greatly pleased with you.
You were very full.

You visited 2 branches of the dungeon, and saw 7 of its levels.

You collected 252 gold pieces.

Inventory:

Hand Weapons
 p - a +2 dagger of draining (weapon)
Missiles
 b - a throwing net (quivered)
 k - 20 bolts
Armour
 j - a +0 pair of gloves (worn)
 q - a cursed +0 chain mail (worn)
Jewellery
 r - a ring of protection from fire (right hand)
 t - a ring of see invisible (left hand)
Scrolls
 a - 2 scrolls of enchant weapon
 f - 3 scrolls of teleportation {unknown}
 h - a scroll of random uselessness {unknown}
 i - a scroll of magic mapping {unknown}
 l - 3 scrolls of fog
 o - a scroll of noise {unknown}
Potions
 d - a potion of flight
 e - 3 potions of lignification
 g - a potion of curing
 m - 2 potions of mutation
Comestibles
 c - 7 rations


   Skills:
 + Level 5.8 Fighting
 + Level 7.0 Short Blades
 + Level 3.9 Armour
 + Level 5.8 Dodging
 + Level 6.2 Stealth


You had 7 spell levels left.
You didn't know any spells.
Your spell library was empty.

Dungeon Overview and Level Annotations

Branches:
Dungeon (6/15)             Temple (1/1) D:4

Altars:
Ashenzari
Cheibriados
Dithmenos
Elyvilon
Fedhas
Gozag
Hepliaklqana
Kikubaaqudgha
Makhleb
Nemelex Xobeh
Okawaru
Qazlal
Sif Muna
Trog
Uskayaw
Vehumet
Wu Jian
Xom
The Shining One


Innate Abilities, Weirdness & Mutations

You are small and have problems with some larger weapons.
You are carnivorous and can eat meat at any time.


Message History

Okay, then.
You feel sick.
The orc wizard gestures wildly while chanting.
The orc wizard blinks!
The worker ant closely misses you.
The orc wizard hits you with a +1 dagger of venom.
You are more poisoned.
You feel very sick. The orc wizard barely misses you.
The worker ant misses you.
There is a stone staircase leading up here.
You feel sick. The orc wizard misses you.
The orc warrior hits you from afar with a +0 glaive!
* * * LOW HITPOINT WARNING * * *
The worker ant barely misses you. The orc wizard barely misses you.
The orc hits you but does no damage. The worker ant bites you.
* * * LOW HITPOINT WARNING * * *
The orc warrior misses you.
The orc wizard hits you with a +0 dagger.
* * * LOW HITPOINT WARNING * * *
You climb upwards.
You die...

#...................###.#######
.########.#.#.####..# #.# .#
####.#.#.##....# #.# .#
#.##.#.#.##....# #.# .#
#.##.#.#.##....###.#
.#####.##.#..........##.#
...................<.##.#########
.......##.#........#.............
................@..#..#.###.#####
.##..#..#.#.####oa.#..#.# #.# #
.##..#.............#..#.# #.# #
.##..#..###.#.........#.# #.# #
.............[.....#..#.# #.#####
.#...#....#.##.#...#..#.# #......
..........#.##.#...#....# #.#####
..........#.##.#...##.#.# #.# #
.....#....#.##.#...##.#.###.#####


You could see a worker ant and an orc wizard.

Vanquished Creatures
  An ice beast (D:4)
  3 ogres
  A scorpion (D:4)
  A bullfrog zombie (D:5)
  A crimson imp (D:5)
  A quasit (D:5)
  A hound (D:5)
  2 jellies (D:5)
  Jessica (D:2)
  3 iguanas
  9 worker ants
  Natasha (twice) (D:2)
  A hound skeleton (D:4)
  4 gnolls (D:6)
  13 adders
  2 oozes
  An adder zombie (D:5)
  An adder skeleton (D:6)
  2 worms
  A dart slug (D:1)
  5 leopard geckos
  10 orcs
  A ball python (D:4)
  10 bats
  8 giant cockroaches
  3 goblins
  9 hobgoblins
  2 jackals (D:2)
  12 kobolds
  3 quokkas
  2 frilled lizards
  A jackal skeleton (D:5)
  A leopard gecko skeleton (D:5)
  11 rats
129 creatures vanquished.

Notes
Turn   | Place    | Note
-------+----------+-------------------------------------------
     0 | D:1      | Borgoz the Kobold Berserker began the quest for the Orb.
     0 | D:1      | Reached XP level 1. HP: 14/14 MP: 1/1
   249 | D:1      | Reached XP level 2. HP: 16/19 MP: 2/2
   300 | D:1      | Reached skill level 1 in Stealth
   637 | D:1      | Reached XP level 3. HP: 21/23 MP: 3/3
  1080 | D:2      | Noticed Natasha
  1089 | D:2      | Killed Natasha
  1089 | D:2      | Reached XP level 4. HP: 29/29 MP: 4/4
  1369 | D:2      | Noticed Natasha
  1381 | D:2      | Killed Natasha
  1381 | D:2      | Reached ** piety under Trog
  1486 | D:2      | Reached XP level 5. HP: 24/33 MP: 5/5
  1736 | D:2      | Noticed Jessica
  1749 | D:2      | Killed Jessica
  1837 | D:2      | Found a snail-covered altar of Cheibriados.
  2071 | D:2      | Reached skill level 5 in Short Blades
  2416 | D:3      | Reached *** piety under Trog
  2416 | D:3      | Reached XP level 6. HP: 33/38 MP: 6/6
  2471 | D:3      | Found a sparkling altar of Nemelex Xobeh.
  2520 | D:3      | Found a blossoming altar of Fedhas.
  3034 | D:4      | Reached XP level 7. HP: 29/44 MP: 7/7
  3283 | D:4      | Found a glowing golden altar of the Shining One.
  3283 | D:4      | Found a hide-covered altar of Uskayaw.
  3288 | D:4      | Found a burning altar of Makhleb.
  3290 | D:4      | Found an ancient bone altar of Kikubaaqudgha.
  3291 | D:4      | Found a deep blue altar of Sif Muna.
  3928 | D:4      | Found a staircase to the Ecumenical Temple.
  3947 | Temple   | Entered the Ecumenical Temple
  4257 | D:4      | Reached skill level 5 in Fighting
  4333 | D:4      | Reached skill level 6 in Short Blades
  4383 | D:5      | Entered Level 5 of the Dungeon
  4457 | D:5      | Reached skill level 5 in Stealth
  4473 | D:5      | Reached skill level 5 in Dodging
  4501 | D:5      | Reached XP level 8. HP: 41/49 MP: 8/8
  5287 | D:5      | Reached **** piety under Trog
  5668 | D:6      | Reached skill level 7 in Short Blades
  5690 | D:6      | HP: 2/51 [orc wizard/+0 dagger (2)]
  5691 | D:5      | Succumbed to an orc wizard's poison

Skill      XL: |  1  2  3  4  5  6  7  8 |
---------------+-------------------------+-----
Stealth        | 1 2 3 4 5 6 |  6.2
Armour         | 2 3 |  3.9
Dodging        | 3 4 5 |  5.8
Fighting       | 4 5 |  5.8
Short Blades   | 5 6 7 |  7.0

Action                   |  1- 3 |  4- 6 |  7- 9 || total
-------------------------+-------+-------+-------++-------
Melee: Short sword       |    80 |   155 |       ||   235
       Dagger            |       |   122 |   260 ||   382
Invok: Berserk           |     1 |     2 |     2 ||     5
       Trog's Hand       |       |       |     1 ||     1
  Use: Scroll            |       |     6 |     4 ||    10
       Potion            |       |       |     4 ||     4
 Stab: Sleeping          |       |     2 |     2 ||     4
       Distracted        |       |       |     1 ||     1
  Eat: Chunk             |     4 |    14 |     9 ||    27
Armor: Scale mail        |    25 |    67 |    13 ||   105
       Chain mail        |       |       |    78 ||    78
Dodge: Dodged            |    47 |   167 |   146 ||   360
